 Dungeon Crawl Stone Soup version 0.20.1-1-g8b1a95d (webtiles) character file.

91 Fisto the Cudgeler (level 4, -2/35 HPs)
             Began as a Human Monk on Nov 5, 2017.
             Slain by a scorpion (7 damage)
             ... on level 4 of the Dungeon.
             The game lasted 00:15:08 (1969 turns).

Fisto the Cudgeler (Human Monk)                     Turns: 1969, Time: 00:15:09

Health: -2/35      AC:  5    Str: 11    XL:     4   Next: 88%
Magic:  4/4        EV: 12    Int: 10    God:
Gold:   113        SH:  0    Dex: 17    Spells: 3/3 levels left

rFire    . . .     SeeInvis .   n - +0 halberd
rCold    . . .     Gourm    .   (shield currently unavailable)
rNeg     . . .     Faith    .   d - +0 ring mail
rPois    .         Spirit   .   (no helmet)
rElec    .         Reflect  .   (no cloak)
rCorr    .         Harm     .   (no gloves)
MR       .....                  (no boots)
Stlth    ++........             (no amulet)
Regen    0.2/turn               (no ring)
MPRegen  0.1/turn               (no ring)

@: lethally poisoned (-2 -> -12)
A: no striking features
a: no special abilities


You were on level 4 of the Dungeon.
You were not hungry.

You visited 1 branch of the dungeon, and saw 3 of its levels.

You collected 113 gold pieces.

Inventory:

Hand Weapons
 a - a +0 mace
 i - a +0 spear
 n - a +0 halberd (weapon)
Missiles
 f - 10 stones (quivered)
Armour
 b - a +0 robe
 d - a +0 ring mail (worn)
 l - a +0 robe
Scrolls
 g - 2 scrolls of remove curse
 h - a scroll of enchant weapon {unknown}
 j - a scroll of magic mapping {unknown}
 k - 2 scrolls of identify {unknown}
Potions
 e - a potion of curing {unknown}
 m - a potion of lignification {unknown}
Comestibles
 c - a bread ration


   Skills:
 + Level 3.4 Fighting
 + Level 4.1 Maces & Flails
 + Level 0.2 Throwing
 + Level 1.1 Armour
 + Level 3.4 Dodging
 + Level 2.2 Stealth


You had 3 spell levels left.
You didn't know any spells.

Dungeon Overview and Level Annotations

Branches:
Dungeon (2/15)

Altars:
Dithmenos


Message History

The scorpion stings you but does no damage.
The scorpion closely misses you. The scorpion stings you.
The scorpion completely misses you. The scorpion stings you.
The scorpion barely misses you. The scorpion barely misses you.
The scorpion stings you.
* * * LOW HITPOINT WARNING * * *
The scorpion stings you.
* * * LOW HITPOINT WARNING * * *
You are lethally poisoned!
The scorpion poisons you!
* * * LOW HITPOINT WARNING * * *
You feel sick. The scorpion barely misses you.
As you read the scroll labeled COISOAQ MIGEYN, it crumbles to dust.
You feel blessed for a moment.
It was a scroll of remove curse.
* * * LOW HITPOINT WARNING * * *
You feel sick. The scorpion stings you!
You die...

...[.### .......= #
.....# .#### .....##
####.....Z ......#
#......... ....#.#####
#.##..#### ..........#
#.# .# ##..#.###.# #.#
.# ......#
#.######@##..### ##.>..#
#.##....s.......
......###.##.##..##.....
##....##...#.##..##....#
###......#......(.......
###...##...#.##.#.##.#.#
......###.##.##(#.# .
###..## #.##.##(.#.
..........##.#..###.


You could see a scorpion.

Vanquished Creatures
  4 gnolls
  An ooze (D:1)
  2 worms (D:2)
  4 leopard geckos (D:1)
  3 bats (D:1)
  A goblin (D:2)
  2 hobgoblins (D:1)
  10 jackals (D:1)
  2 kobolds (D:1)
  9 frilled lizards
  3 rats (D:1)
41 creatures vanquished.

Notes
Turn   | Place    | Note
-------+----------+-------------------------------------------
     0 | D:1      | Fisto the Human Monk began the quest for the Orb.
     0 | D:1      | Reached XP level 1. HP: 18/18 MP: 1/1
    70 | D:1      | Reached XP level 2. HP: 12/24 MP: 2/2
   363 | D:1      | Reached XP level 3. HP: 25/29 MP: 3/3
  1120 | D:2      | Reached XP level 4. HP: 35/35 MP: 4/4
  1135 | D:2      | Reached skill level 4 in Maces & Flails
  1472 | D:2      | Reached skill level 1 in Armour
  1741 | D:2      | You fall through a shaft for 2 floors!
  1779 | D:4      | Found a shadowy altar of Dithmenos.
  1969 | D:4      | Slain by a scorpion

Skill      XL: |  1  2  3  4 |
---------------+-------------+-----
Maces & Flails | 4 |  4.1
Armour         | 1 |  1.1
Fighting       | |  3.4
Throwing       | |  0.2
Dodging        | |  3.4
Stealth        | |  2.2

Action                   |  1- 3 |  4- 6 || total
-------------------------+-------+-------++-------
Melee: Mace              |    92 |    40 ||   132
Throw: Stone             |    27 |    18 ||    45
  Use: Scroll            |       |     1 ||     1
       Potion            |       |     1 ||     1
 Stab: Sleeping          |       |     1 ||     1
  Eat: Bread ration      |       |     1 ||     1
Armor: Ring mail         |    44 |     7 ||    51
Dodge: Dodged            |    59 |    37 ||    96
